 Dungeon Crawl Stone Soup version 0.20.1-1-g8b1a95d (webtiles) character file.

79 straycat the Sneak (level 4, -5/34 HPs)
             Began as a Vampire Wanderer on July 19, 2017.
             Slain by Crazy Yiuf
             ... wielding a +2 quarterstaff of chaos
              (11 damage)
             ... on level 2 of the Dungeon.
             The game lasted 00:12:26 (3538 turns).

straycat the Sneak (Vampire Wanderer)               Turns: 3538, Time: 00:12:26

Health: -5/34      AC:  6    Str: 11    XL:     4   Next: 17%
Magic:  1/8        EV: 11    Int: 11    God:
Gold:   98         SH:  4    Dex: 17    Spells: 5/9 levels left

rFire    . . .     SeeInvis +   h - -3 dagger (curse)
rCold    . . .     Gourm    .   q - +0 buckler
rNeg     + . .     Faith    .   c - +0 ring mail
rPois    .         Spirit   .   k - +0 helmet
rElec    .         Reflect  .   (no cloak)
rCorr    .         Harm     .   (no gloves)
MR       .....                  (no boots)
Stlth    ++........             (no amulet)
Regen    0.2/turn               (no ring)
MPRegen  0.2/turn               (no ring)

@: very slightly contaminated
A: fangs 3, see invisible, unbreathing
a: Bat Form


You were on level 2 of the Dungeon.
You were not thirsty.

You visited 1 branch of the dungeon, and saw 2 of its levels.

You collected 98 gold pieces.

Inventory:

Hand Weapons
 h - a cursed -3 dagger (weapon)
 i - a +3 short sword
Missiles
 g - 110 stones (quivered)
 l - 24 arrows
 r - 17 sling bullets
Armour
 c - a +0 ring mail (worn)
 k - a +0 helmet (worn)
 q - a +0 buckler (worn)
Potions
 e - 4 potions of blood
 f - a potion of haste {unknown}
 j - a potion of mutation {unknown}
 m - a potion of flight {unknown}
 o - 2 potions of berserk rage {unknown}
 p - a potion of resistance {unknown}
Books
 a - a book of Minor Magic

   Spells                             Type                      Level
   a - Magic Dart                     Conjuration                  1
   b - Blink                          Translocation                2
   c - Call Imp                       Summoning                    2
   d - Slow                           Hexes                        2
   e - Conjure Flame                  Conjuration/Fire             3
   f - Mephitic Cloud                 Conjuration/Poison/Air       3
 b - the Incunabulum of the Entourage

   Spells                             Type                      Level
   a - Summon Butterflies             Summoning                    1
   b - Call Canine Familiar           Summoning                    3


   Skills:
 + Level 2.4 Fighting
   Level 1.0 Staves
 * Level 2.6 Dodging
 + Level 3.6 Stealth
 + Level 1.0 Shields
 - Level 3.0 Spellcasting
   Level 2.1 Necromancy


You had 5 spell levels left.
You knew the following spells:

 Your Spells              Type           Power        Failure   Level  Hunger
a - Magic Dart            Conj           #...         67%         1    #......
b - Summon Butterflies    Summ           #.......     67%         1    #......
c - Slow                  Hex            #.......     80%         2    ###....


Dungeon Overview and Level Annotations

Branches:
Dungeon (2/15)

Altars:

Annotations:
D:2 Crazy Yiuf


Innate Abilities, Weirdness & Mutations

You have razor-sharp teeth.
You have supernaturally acute eyesight. (SInv)
You can survive without breathing.


Message History

Crazy Yiuf cries, "Snower!"
Crazy Yiuf closely misses you.
Casting: Summon Butterflies
Confirm with . or Enter, or press ? or * to list all spells.
You miscast Summon Butterflies.
Your head hurts.
Crazy Yiuf closely misses you.
Casting: Summon Butterflies
Confirm with . or Enter, or press ? or * to list all spells.
Crazy Yiuf glowers.
Crazy Yiuf closely misses you.
Crazy Yiuf flaps his cloak.
Crazy Yiuf hits you with a quarterstaff of chaos.
* * * LOW HITPOINT WARNING * * *
Crazy Yiuf burns you.
* * * LOW HITPOINT WARNING * * *
You swap places.
Crazy Yiuf says, "Rifle!
Sif Muna sow snail."
You feel yourself speed up.
Crazy Yiuf cries, "Mugger cloud tea!"; Crazy Yiuf laughs, "Prologue!"
Crazy Yiuf hits you with a quarterstaff of chaos!
You die...

############
#.#.##.#####♣♣♣♣♣
........#
#.#...........♣.♣♣
........#
#.####.##....♣.♣..
........#
#.#...........♣♣♣♣
........#
#.#.##.#.....♣♣ ♣
........#
#.#.##.#.###♣♣
#########
#b#.##....# #
#.#.##...## #
#@#.##....########
#
#g#.##.).###.#.#..
# #.#......#
#.#..#> ####
#b#####..# #.##.#.
...### #b.......#
#.##.#. ...'.#
########'###.##.#.
...#.#
#..............#.
...#.#
#.........######.
...#.#
#.........+......


You could see Crazy Yiuf.

Vanquished Creatures
  3 adders (D:2)
  An ooze (D:1)
  3 dart slugs
  A leopard gecko (D:1)
  3 bats (D:1)
  3 giant cockroaches
  5 goblins
  5 hobgoblins
  A quokka (D:2)
  2 frilled lizards
  8 kobolds
  7 rats
42 creatures vanquished.

Notes
Turn   | Place    | Note
-------+----------+-------------------------------------------
     0 | D:1      | straycat the Vampire Wanderer began the quest for the Orb.
     0 | D:1      | straycat set off with: a book of Minor Magic, the Incunabulum of the Entourage, a +0 quarterstaff, a +0 robe, a potion of blood
     0 | D:1      | Reached XP level 1. HP: 16/16 MP: 4/4
     0 | D:1      | Identified the Incunabulum of the Entourage
     2 | D:1      | Learned a level 1 spell: Magic Dart
   102 | D:1      | Reached skill level 1 in Dodging
   102 | D:1      | Reached XP level 2. HP: 19/22 MP: 6/6
   108 | D:1      | Learned a level 1 spell: Summon Butterflies
   111 | D:1      | Learned a level 2 spell: Slow
   981 | D:1      | Reached XP level 3. HP: 27/27 MP: 7/7
  2570 | D:2      | Reached XP level 4. HP: 28/34 MP: 8/8
  2953 | D:2      | Found a runed door.
  3226 | D:2      | Noticed Crazy Yiuf
  3538 | D:2      | Slain by Crazy Yiuf

Skill      XL: |  1  2  3 |
---------------+----------+-----
Fighting       | 2 |  2.4
Stealth        | 2 3 |  3.6
Dodging        | 1 2 |  2.6
Staves         | |  1.0
Shields        | |  1.0
Spellcasting   | |  3.0
Necromancy     | |  2.1

Action                   |  1- 3 |  4- 6 || total
-------------------------+-------+-------++-------
Melee: Quarterstaff      |    21 |       ||    21
       Bite              |    19 |     4 ||    23
       Dagger            |   186 |    57 ||   243
 Cast: Magic Dart        |    44 |     4 ||    48
       Summon Butterflie |     2 |     1 ||     3
  Use: Scroll            |     3 |     1 ||     4
       Potion            |       |     3 ||     3
 Stab: Sleeping          |     6 |     1 ||     7
  Eat: Corpse            |     7 |       ||     7
Armor: Robe              |    16 |       ||    16
       Ring mail         |    47 |    13 ||    60
Dodge: Dodged            |   159 |    38 ||   197
Block: Buckler           |       |    10 ||    10
